Map: Newkirk Precinct TE (Void)

Players

Gremory

  • Race: Zerg Zerg
  • Spawn Location: 5:00

Bunny - Winner!

  • Race: Terran Terran
  • Spawn Location: 7:00

Event: IEM XI Katowice - World Championship 2017

VOD

Have the link to the VOD?

Description

Time

  • Played on: Feb. 28, 2017, 3:51 a.m.
  • Length: 6:29

All games in this series

Show
View Real Time Build Order
Export as new Build Order

Gremory Zerg 

Build Orders: Hatch First 

Get SALT Encoding   

  12  0:01  Drone  
  13  0:13  Overlord  
  13  0:18  Drone  
  14  0:32  Drone  
  14  0:33  Drone  
  16  0:36  Drone  
  17  0:57  Hatchery  
  17  1:00  Drone  
  17  1:04  Drone  
  17  1:07  Extractor  
  17  1:19  Spawning Pool  
  17  1:23  Drone  
  17  1:26  Drone  
  17  1:29  Drone  
  19  1:42  Overlord  
  19  2:05  Queen  
  19  2:06  Zergling x2  
  19  2:07  Metabolic Boost, Zergling x2  
  23  2:10  Zergling x2  
  24  2:16  Queen  
  26  2:24  Drone  
  26  2:25  Drone  
  28  2:34  Drone x2  
  29  2:45  Overlord  
  29  2:46  Drone x2  
  29  2:50  Spore Crawler  
  30  2:56  Spore Crawler  
  29  3:02  Queen, Drone  
  29  3:05  Drone x2  
  36  3:06  Drone  
  37  3:13  Drone  
  37  3:17  Overlord  
  39  3:20  Drone x2  
  39  3:22  Drone  
  41  3:30  Drone  
  42  3:41  Queen  
  42  3:44  Hatchery  
  43  3:54  Drone x6  
  43  3:55  Drone  
  48  3:58  Queen  
  50  4:02  Overlord  
  50  4:07  Overlord  
  50  4:13  Evolution Chamber  
  50  4:15  Baneling Nest  
  48  4:18  Overlord  
  48  4:19  Drone  
  48  4:24  Zergling x8  
  51  4:26  Drone  
  54  4:31  Queen  
  56  4:39  Zergling x2  
  56  4:40  Zergling x2  
  58  4:46  Zergling x2  
  58  4:47  Zergling x8  
  63  4:54  Overlord  
  63  4:55  Queen  
  63  4:59  Queen  
  65  5:01  Zergling x2  
  68  5:12  Overlord  
  68  5:13  Baneling x2  
  68  5:14  Baneling, Drone x4  
  68  5:15  Drone  
  72  5:23  Overlord  
  72  5:26  Overlord  
  72  5:31  Drone x2  
  72  5:32  Drone x3  
  75  5:42  Zergling x10  
  77  5:51  Zergling x2  
  77  5:52  Zergling x4  
  77  5:53  Baneling x3  
  80  6:01  Zergling x10  
  85  6:05  Extractor  
  85  6:06  Hatchery  
Show
View Real Time Build Order
Export as new Build Order

Bunny Terran - Winner!

Build Orders: Reaper Expand 

Get SALT Encoding   

  12  0:00  SCV  
  13  0:13  SCV  
  14  0:17  Supply Depot  
  14  0:25  SCV  
  15  0:39  SCV  
  15  0:40  Barracks  
  16  0:44  Refinery  
  16  0:51  SCV  
  17  1:03  SCV  
  18  1:15  SCV  
  19  1:28  Reaper, Orbital Command  
  20  1:42  Command Center  
  20  1:53  SCV  
  21  1:55  Supply Depot  
  21  2:00  Marine  
  22  2:05  SCV  
  23  2:11  Barracks  
  23  2:17  Refinery, SCV  
  23  2:22  Barracks Reactor  
  24  2:29  SCV  
  25  2:36  Factory  
  25  2:41  SCV  
  26  2:54  SCV  
  26  2:57  Orbital Command  
  27  2:59  Marine x2, Barracks Tech Lab  
  29  3:06  SCV  
  30  3:16  Marine  
  30  3:17  Marine  
  30  3:18  Marine, Stimpack, SCV  
  34  3:24  Starport  
  34  3:26  SCV  
  35  3:29  Factory Reactor  
  35  3:34  Marine x2  
  35  3:35  SCV  
  35  3:38  SCV  
  39  3:44  Supply Depot  
  39  3:47  SCV  
  40  3:50  SCV  
  40  3:52  Marine x3  
  43  3:59  SCV  
  43  4:02  SCV  
  45  4:05  Refinery  
  45  4:08  Medivac  
  45  4:09  Supply Depot, Medivac  
  49  4:11  SCV  
  49  4:12  Marine  
  49  4:14  Marine x2  
  49  4:17  SCV  
  54  4:30  Marine  
  54  4:31  Marine, SCV x2, Cyclone  
  60  4:33  Supply Depot  
  60  4:34  Marine  
  62  4:49  Supply Depot  
  62  4:50  Supply Depot  
  62  4:54  Marine x3, SCV x2  
  62  4:55  Medivac  
  69  5:06  SCV  
  70  5:09  SCV  
  70  5:10  Medivac  
  70  5:12  Marine x3  
  75  5:17  Command Center  
  75  5:24  SCV x2  
  75  5:27  Liberator  
  77  5:30  Marine x3  
  80  5:40  SCV x2  
  83  5:44  Viking  
  83  5:48  Engineering Bay  
  83  5:49  Engineering Bay  
  86  5:52  Refinery, SCV  
  86  5:54  Supply Depot  
  85  6:00  Barracks  
  85  6:04  Barracks  
  85  6:11  Barracks  

Tags
 
Add a new tag
Caveats
  • Supply blocks, unpowered buildings, or Contaminate may cause inaccurate times.
  • Supply counts are checked every 10 seconds.